 Dungeon Crawl Stone Soup version 0.27.1-34-g3ba077fa99 (webtiles) character file.

Game seed: 1200359826851386453

27 Nixze the Twirler (level 2, 0/22 HPs)
             Began as a Demonspawn Gladiator on Jan 2, 2022.
             Slain by Jessica (4 damage)
             ... on level 2 of the Dungeon.
             The game lasted 00:02:47 (1064 turns).

Nixze the Twirler (Demonspawn Gladiator)            Turns: 1064, Time: 00:02:48

Health: 0/22       AC:  4    Str: 14    XL:     2   Next: 93%
Magic:  2/2        EV: 12    Int:  9    God:
Gold:   71         SH:  0    Dex: 14    Spells: 1/1 levels left

rFire    . . .     SeeInvis .   a - +0 quarterstaff
rCold    . . .     Faith    .   (shield currently unavailable)
rNeg     . . .     Spirit   .   b - +0 leather armour
rPois    .         Reflect  .   c - +0 helmet
rElec    .         Harm     .   (no cloak)
rCorr    .         Rampage  .   (no gloves)
Will     .....                  (no boots)
Stlth    +.........             (no amulet)
HPRegen  0.07/turn              (no ring)
MPRegen  0.08/turn              (no ring)

@: no status effects
A: demonic magic 1
a: no special abilities


You were on level 2 of the Dungeon.
You visited 1 branch of the dungeon, and saw 2 of its levels.

You collected 71 gold pieces.

Inventory:

Hand Weapons
 a - a +0 quarterstaff (weapon)
Missiles
 d - 2 throwing nets (quivered)
 h - 62 stones
 j - 23 sling bullets
Armour
 b - a +0 leather armour (worn)
 c - a +0 helmet (worn)
Scrolls
 e - 3 scrolls of silence {unknown}
 g - a scroll of noise {unknown}
 i - a scroll of vulnerability {unknown}
Potions
 f - a potion of curing {unknown}
 k - a potion of flight {unknown}


   Skills:
 - Level 2.0 Fighting
 + Level 3.8 Staves
 - Level 1.7 Throwing
 - Level 2.6 Dodging


You had one spell level left.
You didn't know any spells.
Your spell library contained the following spells:

 Spells                   Type           Power      Damage    Failure   Level
 Stone Arrow              Conj/Erth      0%         3d7       83%         3
 Bolt of Magma            Conj/Fire/Erth 0%         4d4       100%        5
 Shatter                  Erth           0%         3d5*      100%        9


Dungeon Overview and Level Annotations

Branches:
Dungeon (2/15)

Altars:

Annotations:
D:2 Jessica


Innate Abilities, Weirdness & Mutations

Spells you cast may paralyse adjacent enemies.


Message History

Jessica is nearby!
Press: ? - help, v - describe, . - travel
Here: Jessica, wielding a +0 club and wearing a +0 robe (fast)
The floor.
Sorry, you're not good enough to have a special ability.
Unknown command.
Unknown command.
A giant cockroach comes into view.
You start waiting.
A giant cockroach is nearby!
The giant cockroach bites you.
You sock the giant cockroach!
You kill the giant cockroach!
Throw: 62 stones
Press: ? - help, Q - select action, (/) - cycle Shift-Dir - straight line, f - Jessica
Aim: Jessica, wielding a +0 club and wearing a +0 robe (fast, 59% to hit)
Okay, then.
Unknown command.
Unknown command.
Throw: 3 throwing nets
Press: ? - help, Q - select action, (/) - cycle Shift-Dir - straight line, f - Jessica
Aim: Jessica, wielding a +0 club and wearing a +0 robe (fast, 59% to hit)
You throw a throwing net. The throwing net hits Jessica.
Jessica is caught in the net!
Jessica struggles against the net.
Jessica points at you and mumbles some strange words.
Pain shoots through your body!
Jessica struggles against the net.
You hit Jessica.
Jessica is lightly wounded.
You barely miss Jessica.
Jessica is lightly wounded.
Jessica struggles against the net.
The net rips apart, and Jessica comes free!
Jessica points at you and mumbles some strange words.
Pain shoots through your body!
* * * LOW HITPOINT WARNING * * *
You hit Jessica.
Jessica is moderately wounded.
Jessica closely misses you. Jessica hits you with a +0 club.
You die...

###########
#.$.....).###
#.######<...# ####
#. #..#.....
.....#.
#####†.######
#....##...........#
#†@@.........>.#
#.##.###.†###..#
#.##.###[.# #..####
#.#.?.P..†###......
....PP♣.......#
@....P.PP..#..##
#.###♣♣.♣♣♣.P#..# #
P ♣.P.#..#
♣P♣.##..#


You could see Jessica (fast).

Vanquished Creatures
  2 bats
  An endoplasm (D:1)
  2 giant cockroaches
  3 goblins
  6 hobgoblins (D:1)
  A kobold (D:1)
  A quokka (D:2)
  3 ball pythons (D:1)
  A frilled lizard (D:1)
  2 rats
22 creatures vanquished.

Vanquished Creatures (others)
  5 plants (D:2)
5 creatures vanquished.

Grand Total: 27 creatures vanquished

Notes
Turn   | Place    | Note
-------+----------+-------------------------------------------
     0 | D:1      | Nixze the Demonspawn Gladiator began the quest for the Orb.
     0 | D:1      | Reached XP level 1. HP: 16/16 MP: 1/1
   107 | D:1      | Reached skill level 3 in Staves
   206 | D:1      | Gained mutation: Spells you cast may paralyse adjacent
                  | enemies. [demonic ancestry]
   206 | D:1      | Reached XP level 2. HP: 11/22 MP: 2/2
  1055 | D:2      | Noticed Jessica
  1064 | D:2      | Slain by Jessica

Illustrated notes

Levels and vault maps discovered:
D:1:      minmay_arrival_stair_chambers, layout_basic, amethyst_killhole,
          kennysheep_boxes
D:2:      layout_loops_ring, serial_shops, nicolae_shop_trees, serial_forest,
          infiniplex_forest_clump_cross, infiniplex_forest_end_1,
          infiniplex_forest_straight_2, infiniplex_forest_end_double,
          infiniplex_forest_lined_room_3, infiniplex_forest_join,
          infiniplex_forest_straight_1, infiniplex_forest_clump_medium,
          guppyfry_early_orc_mine, uniq_jessica, uniq_robin

Skill      XL: |  1 |
---------------+----+-----
Staves         | 3 |  3.8
Fighting       | |  2.0
Throwing       | |  1.7
Dodging        | |  2.6

Action                   || total
-------------------------++-------
Melee: Quarterstaff      ||    44
Throw: Stone             ||    59
       Throwing net      ||     1
Armor: Leather armour    ||    17
Dodge: Dodged            ||    29
